cohdb
Replays
Latest Replays
All Replays
Popular Replays
Top Player Replays
Match Explorer
How It Works
Community
CoH3 Stats
Reddit
Sign in to upload your games and track your stats! →
Sign in with Steam
Match 45207948
Unlisted
Match 45207948
Overview
Messages
Build Orders
End
Panzergrenadier Squad
Selects Armored Support Battlegroup
Selects Armored Support Battlegroup
250 Light Carrier
Panzergrenadier Squad
Construct Light Support Kompanie
Combat Half-tracks
Selects Superior Fire Drills
250 Light Carrier
250 Light Carrier
Panzerjäger Mechanized Group
Construct Mechanized Kompanie
8 Rad Armored Car
Vehicle Survival Package
Support Armor Elements
Selects Flammpanzer III Medium Tank
Flammpanzer III Medium Tank
Marder III Tank Destroyer
Emergency Repair Kits
254 Reconnaissance Tractor
Marder III Tank Destroyer
AI
SWORD SOUL
Taka_nL
AcidDrop
Yeoul
Super Unta Kilat
0
0
Comments
sign in to comment!
No comments posted yet!